 Dungeon Crawl Stone Soup version 0.29-a0-723-gce39da1c22 (webtiles) character file.

Game seed: 4588831241302302016

879 crusatyr the Trooper (level 7, -3/53 (56) HPs)
             Began as a Demonspawn Monk on June 28, 2022.
             Slain by an orc
             ... wielding a +0 mace
              (5 damage)
             ... on level 5 of the Dungeon.
             The game lasted 00:16:01 (6788 turns).

crusatyr the Trooper (Demonspawn Monk)              Turns: 6788, Time: 00:16:02

HP:   -3/53 (56)    AC: 12    Str: 13    XL:     7   Next: 75%
MP:   7/7           EV:  7    Int: 12    God:
Gold: 212           SH:  0    Dex: 15    Spells: 6/6 levels left

rFire   . . .      SeeInvis .   u - +0 flail
rCold   . . .      Faith    .   (no shield)
rNeg    . . .      Spirit   .   b - +0 chain mail
rPois   .          Reflect  .   (no helmet)
rElec   .          Harm     .   e - scarf {repulsion}
rCorr   .          Rampage  .   n - +0 pair of gloves
Will    .....                   (no boots)
Stlth   ..........              (no amulet)
HPRegen 0.17/turn               (no ring)
MPRegen 0.20/turn               (no ring)

@: studying Maces & Flails, drained, repel missiles
A: thin metallic scales 1, magic regeneration
a: no special abilities


You were on level 5 of the Dungeon.
You visited 1 branch of the dungeon, and saw 6 of its levels.

You collected 212 gold pieces.

Inventory:

Hand Weapons
 u - a +0 flail (weapon)
Missiles
 o - 5 atropa-tipped darts (quivered)
Armour
 b - a +0 chain mail (worn)
 e - a scarf of repulsion (worn)
 n - a +0 pair of gloves (worn)
 v - a +1 cloak
Jewellery
 j - a ring of magical power
 s - a ring of ice
Scrolls
 a - a scroll of vulnerability {unknown}
 g - 2 scrolls of fog
 h - 2 scrolls of teleportation
 m - 2 scrolls of enchant armour
 p - a scroll of fear {unknown}
 q - 4 scrolls of identify
Potions
 c - 3 potions of ambrosia
 d - 2 potions of attraction
 f - 2 potions of curing
 i - a potion of berserk rage {unknown}
 k - 2 potions of mutation {unknown}
 l - a potion of lignification {unknown}
 r - a potion of degeneration {unknown}
 t - a potion of heal wounds {unknown}


   Skills:
 + Level 5.2 Fighting
 - Level 3.9 Long Blades
 + Level 3.6 Maces & Flails
 + Level 3.8 Armour
 + Level 4.8 Dodging
 - Level 1.7 Stealth


You had 6 spell levels left.
You didn't know any spells.
Your spell library contained the following spells:

 Spells                   Type           Power      Damage    Failure   Level
 Portal Projectile        Hex/Tloc       0%         N/A       100%        3
 Tukima's Dance           Hex            0%         N/A       100%        3
 Anguish                  Hex/Necr       0%         N/A       100%        4
 Blade Hands              Tmut           0%         N/A       100%        5
 Enfeeble                 Hex            0%         N/A       100%        7


Dungeon Overview and Level Annotations

Branches:
Dungeon (6/15)
 Temple: D:4-7

Altars:

Shops:
D:3 ==[

Annotations:
D:3 Sigmund
D:5 Menkaure, Pikel


Innate Abilities, Weirdness & Mutations

You are partially covered in thin metallic scales. (AC +2)
You regenerate magic rapidly.


Message History

You feel sick.
Throw: 5 darts (atropa)
Press: ? - help, Q - select action Shift-Dir - straight line, f - orc
Aim: an orc, wielding a +0 mace and wearing a +0 chain mail (68% to hit, chance to blind on hit: 100%)
Okay, then.
You feel better. The orc hits you with a +0 mace.
* * * LOW HITPOINT WARNING * * *
Okay, then.
Okay, then.
There is a stone staircase leading up here.
The orc hits you but does no damage.
You climb upwards.
Level annotation: Menkaure, Pikel The lemure hits you but does no damage.
There is a stone staircase leading down here.
Okay, then.
You aren't carrying any items that you can evoke.
As you read the scroll of teleportation, it crumbles to dust.
You feel strangely unstable. The orc hits you with a +0 mace.
* * * LOW HITPOINT WARNING * * *
The orc hits you but does no damage. Pikel barely misses you.
Pikel attacks as you move away! Pikel hits you but does no damage.
A hound comes into view.
The hound barks!
Your surroundings suddenly seem different.
Found a robe.
You start resting.
An orc comes into view. It is wielding a +0 mace.
The orc shouts!
You hear a shout!
An orc comes into view. It is wielding a +0 hand axe.
An orc priest and an orc come into view.
The orc priest shouts!
The orc shouts!
You hear a shout!
The orc priest invokes the aid of Beogh against you.
Beogh smites you!
* * * LOW HITPOINT WARNING * * *
An orc priest comes into view. It is wielding a +0 club.
You barely miss the orc.
An orc wizard comes into view. It is wielding a +0 dagger.
The orc hits you with a +0 mace.
You die...

..h.
[..o##..# ..#
.......o##
.##
#.#o......# #
#.#.......###
#...........#
#......#..##
# ##.....#.##
# ####..o####
# ##@....## #
##.....# #
#....#..## ..
#...##.####
.. #... ..#
...


o.o .## ... .. ## ... . . You could see an orc priest, an orc wizard (wandering)
and an orc.

Vanquished Creatures
  An ice beast (D:4)
  A centaur (D:5)
  Blork the orc (D:4)
  2 necrophages
  2 scorpions
  2 hounds (D:5)
  A jelly (D:4)
  An iguana (D:6)
  Natasha (thrice) (D:2)
  An orc wizard (D:4)
  A river rat (D:4)
  9 adders
  A white imp (D:4)
  An ufetubus (D:4)
  3 worms
  2 dart slugs
  2 orcs (D:4)
  5 ball pythons
  2 endoplasms
  4 giant cockroaches
  3 goblins
  9 hobgoblins
  9 jackals
  16 kobolds
  4 quokkas
  4 bats
  4 frilled lizards
  8 rats
102 creatures vanquished.

Vanquished Creatures (others)
  6 plants (D:1)
6 creatures vanquished.

Grand Total: 108 creatures vanquished

Notes
Turn   | Place    | Note
-------+----------+-------------------------------------------
     0 | D:1      | crusatyr the Demonspawn Monk began the quest for the Orb.
     0 | D:1      | Reached XP level 1. HP: 18/18 MP: 1/1
   190 | D:1      | Gained mutation: You are partially covered in thin metallic
                  | scales. (AC +2) [demonic ancestry]
   190 | D:1      | Reached XP level 2. HP: 19/24 MP: 2/2
   741 | D:1      | Found a faded altar of an unknown god.
  1014 | D:1      | Upgraded the game from 0.29-a0-721-g7f417c9bbb to
                  | 0.29-a0-723-gce39da1c22
  1103 | D:2      | Reached skill level 1 in Armour
  1108 | D:2      | Reached XP level 3. HP: 22/29 MP: 3/3
  1461 | D:2      | Noticed Natasha
  1738 | D:2      | Killed Natasha
  1739 | D:2      | Gained mutation: You regenerate magic rapidly. [demonic
                  | ancestry]
  1739 | D:2      | Reached XP level 4. HP: 13/35 MP: 4/4
  2306 | D:2      | Noticed Natasha
  2329 | D:2      | Killed Natasha
  2569 | D:2      | Noticed Natasha
  2578 | D:2      | Killed Natasha
  2579 | D:2      | Reached XP level 5. HP: 35/42 MP: 5/5
  2703 | D:3      | Found Tufujeam's Jewellery Shop.
  2790 | D:3      | Found Kedyll's Antique Armour Shop.
  2988 | D:3      | Noticed Sigmund
  3014 | D:3      | Found Ethriuhi's Jewellery Shoppe.
  3047 | D:3      | Reached skill level 4 in Fighting
  3961 | D:4      | Identified a scroll of acquirement
  3961 | D:4      | Acquired a manual of Maces & Flails
  4198 | D:4      | Reached XP level 6. HP: 48/48 MP: 6/6
  4519 | D:4      | Noticed Blork the orc
  4560 | D:4      | You fall into a shaft and drop 1 floor!
  4560 | D:5      | Entered Level 5 of the Dungeon
  4907 | D:4      | Killed Blork the orc
  4908 | D:4      | Reached skill level 1 in Maces & Flails
  5644 | D:4      | Reached XP level 7. HP: 39/55 MP: 7/7
  6062 | D:5      | Reached skill level 5 in Fighting
  6164 | D:5      | Noticed Menkaure
  6549 | D:5      | Noticed Pikel
  6786 | D:5      | HP: 2/53 [orc priest/divine providence (15)]
  6788 | D:5      | Slain by an orc

Illustrated notes

Levels and vault maps discovered:
D:1:      minmay_arrival_five_plusses, layout_rooms,
          ebering_ecumenical_altar_box, lexackson_kobold_supper
D:2:      layout_rooms, uniq_natasha
D:3:      layout_basic, serial_shops, shop, nicolae_shop_waterfront, shop,
          uniq_sigmund
D:4:      layout_basic, serial_rivers, chequers_serial_rivers_small_3,
          chequers_serial_rivers_large_b, chequers_serial_rivers_marsh,
          chequers_serial_rivers_small_b, portal_sewer_entry_b,
          uniq_blork_the_orc
D:5:      layout_cave_pools, uniq_prince_ribbit1, uniq_menkaure, uniq_pikel
D:6:      layout_gridville, zin_treasury, temple_green, uniq_grinder,
          uniq_maggie

Skill      XL: |  1  2  3  4  5  6  7 |
---------------+----------------------+-----
Long Blades    | 3 |  3.9
Dodging        | 3 4 |  4.8
Armour         | 1 2 3 |  3.8
Fighting       | 4 5 |  5.2
Maces & Flails | 2 3 |  3.6
Stealth        | |  1.7

Action                   |  1- 3 |  4- 6 |  7- 9 || total
-------------------------+-------+-------+-------++-------
Melee: Falchion          |   142 |   171 |       ||   313
       Punch             |       |     4 |       ||     4
       Whip              |       |    47 |       ||    47
       Flail             |       |    46 |    89 ||   135
Throw: Dart              |       |    10 |       ||    10
  Use: Potion            |     1 |       |     3 ||     4
       Scroll            |       |     9 |     1 ||    10
 Stab: Sleeping          |     2 |       |       ||     2
Armor: Robe              |    46 |     5 |       ||    51
       Leather armour    |       |    24 |       ||    24
       Scale mail        |       |    21 |       ||    21
       Chain mail        |       |   105 |    78 ||   183
Dodge: Dodged            |   123 |   184 |    39 ||   346
       Repelled          |       |     5 |       ||     5

Table legend: (Time is in decaauts)
 A = Elapsed time spent in this place.
 B = Non-inter-level travel time spent in this place.
 C = Inter-level travel time spent in this place.
 D = Time resting spent in this place.
 E = Time spent auto-exploring this place.
 F = Levels seen in this place.
 G = Mean time per level.
                   A        B        C        D        E       F      G
               +--------+--------+--------+--------+--------+-----+--------+
         Total |   6943 |   6509 |    434 |   1222 |   3569 |   6 | 1157.2 |
       Dungeon |   6943 |   6509 |    434 |   1222 |   3569 |   6 | 1157.2 |
               +--------+--------+--------+--------+--------+-----+--------+

Top non-repeatable levels by time:
     D:4: 2309 daAuts
     D:2: 1417 daAuts
     D:1: 1327 daAuts
     D:3: 1105 daAuts
     D:5: 573 daAuts
     D:6: 210 daAuts
